 Dungeon Crawl Stone Soup version 0.29.1-15-g9cfb28693d (webtiles) character file.

Game seed: 17402890357762411022

90 Sanktem7 the Trooper (level 4, 0/41 HPs)
             Began as a Minotaur Fighter on Mar 3, 2023.
             Was an Initiate of Trog.
             Killed by divine providence
             ... invoked by an orc priest
              (11 damage)
             ... on level 3 of the Dungeon.
             The game lasted 00:02:55 (1447 turns).

Sanktem7 the Trooper (Minotaur Fighter)             Turns: 1447, Time: 00:02:56

Health: 0/41       AC:  7    Str: 22    XL:     4   Next: 32%
Magic:  3/3        EV:  5    Int:  5    God:    Trog [......]
Gold:   107        SH: 12    Dex: 10    Spells: 3/3 levels left

rFire   . . .      SeeInvis .   a - +0 war axe {axe}
rCold   . . .      Faith    .   u - +0 tower shield
rNeg    . . .      Spirit   .   b - +0 scale mail
rPois   .          Reflect  .   (helmet restricted)
rElec   .          Harm     .   (no cloak)
rCorr   .          Rampage  .   (no gloves)
Will    .....                   (no boots)
Stlth   ..........              n - amulet of regeneration {@e2}
HPRegen 0.93/turn               (no ring)
MPRegen 0.08/turn               (no ring)

@: no status effects
A: horns 2, retaliatory headbutt
a: Renounce Religion


You were on level 3 of the Dungeon.
You worshipped Trog.
Trog was noncommittal.
You visited 1 branch of the dungeon, and saw 3 of its levels.

You collected 107 gold pieces.


Innate Abilities, Weirdness & Mutations

You have a pair of horns on your head.
You reflexively headbutt those who attack you in melee.


   Skills:
 * Level 4.8 Fighting
 * Level 4.0 Axes
 + Level 4.2 Armour
 - Level 3.6 Shields


You had 3 spell levels left.
You didn't know any spells.
Your spell library contained the following spells:

 Spells                   Type           Power      Damage    Failure   Level
 Gell's Gravitas          Tloc           0%         N/A       100%        3
 Lesser Beckoning         Tloc           0%         N/A       100%        3
 Teleport Other           Tloc           0%         N/A       100%        3

Inventory:

Hand Weapons
 a - a +0 war axe (weapon) {axe}
 q - a +2 dagger of draining {short}
   (You took it off a goblin on level 2 of the Dungeon)
 s - a +0 dagger of holy wrath {short}
   (You took it off a goblin on level 2 of the Dungeon)
Missiles
 e - 30 stones (quivered) {throwing}
Armour
 b - a +0 scale mail (worn)
 c - a +0 buckler
 u - a +0 tower shield (worn)
   (You found it on level 3 of the Dungeon)
Jewellery
 n - an amulet of regeneration (around neck) {@e2}
   (You found it on level 2 of the Dungeon)
Wands
 r - a wand of flame (11)
   (You took it off Ijyb on level 2 of the Dungeon)
Scrolls
 g - a scroll of enchant weapon {unknown}
 k - a scroll of poison {unknown}
 o - a scroll of teleportation {unknown}
 p - a scroll of identify {unknown}
Potions
 d - 2 potions of might
 f - a potion of mutation {unknown}
 h - a potion of magic {unknown}
 i - a potion of invisibility {unknown}
 j - a potion of flight {unknown}
 l - a potion of resistance {unknown}
 m - a potion of brilliance {unknown}
 t - a potion of lignification {unknown}

Dungeon Overview and Level Annotations

Branches:
Dungeon (3/15) Zot: 16517

Altars:
Trog

Annotations:
D:3 Pargi

########..##....#
................# .
##.........###T.
#....##....$...
#######....##.....#
#..........'......#
#.#####....###.#.$.#
#.....#......#T# ...
#............#@# #
#............#)#
####..<......#o#
#.#.###.#.#o#
#####.#.##......o
+.......##....#.#
.#####.####....#.#
.#.......##....#..
.........##>...#####


You could see Pargi, an orc priest and 2 orcs.


Message History

The ball python grabs you. The ball python constricts you.
The bat completely misses you. You furiously retaliate!
You headbutt the bat. You block the ball python's attack.
The ball python constricts you.
You hit the ball python.
You kill the ball python!
Trog accepts your kill.
You closely miss the bat. The bat hits you but does no damage.
The bat barely misses you. You furiously retaliate!
You headbutt the bat, but do no damage. The bat hits you. 😕 HP[-1]
You take 1 damage, and now have 40/41 hp.
You slash the bat!
You kill the bat!
Trog accepts your kill. 😎 HP[+1]
Your hp is fully restored (41).
No target in view!
No target in view!
No target in view!
No target in view!
As you open the door, it creaks loudly!
You see here a +0 tower shield.
u - a +0 tower shield You start removing your armour.
You continue taking off your +0 buckler. x4
You finish taking off your +0 buckler.
You start putting on your armour.
You continue putting on your +0 tower shield. x5
You finish putting on your +0 tower shield.
Found an escape hatch in the ceiling.
You open the door.
There is an open door here.
An orc comes into view. It is wielding a +0 club.
The orc shouts!
You hear a shout!
An orc comes into view. It is wielding a +0 trident.
The orc shouts!
There are monsters nearby!
Pargi the Meek comes into view.
Pargi shouts!
An orc comes into view. It is wielding a +0 club.
The orc shouts!
The orc hits you but does no damage. You block the orc's attack.
You see here 4 atropa-tipped darts {throwing}.
You barely miss the orc.
An orc priest comes into view. It is wielding a +0 short sword.
You block the orc's attack. x2; The orc hits you with a +0 club.
The orc priest looks encouraged for a moment. 😕 HP[-5]
You take 5 damage, and now have 36/41 hp.
You barely miss the orc. You block the orc's attack.
An orc comes into view. It is wielding a +0 falchion. 😕 HP[+1]
You slash the orc!
You kill the orc!
Trog accepts your kill. 😕 HP[+2]
You regained 2 hp, and now have 39/41 hp.
You closely miss Pargi. You hit the orc.
The orc priest looks satisfied for a moment.
The orc hits you but does no damage. Pargi bites you.
Pargi claws you but does no damage. Pargi claws you.
You block the orc's attack. x2
The orc hits you from afar with a +0 trident.
You block Pargi's attack. Pargi barely misses you. Pargi claws you. 😮 HP[-13]
You take 13 damage, and now have 26/41 hp.
MASSIVE DAMAGE!! (PAUSE)
You barely miss Pargi. Your headbutt misses Pargi. You slash the orc!
You kill the orc!
Trog accepts your kill. Pargi bites you. You block Pargi's attack. x2
The orc hits you from afar with a +0 trident.
The orc barely misses you. Pargi bites you.
* * * LOW HITPOINT WARNING * * *
Pargi claws you but does no damage. You block Pargi's attack. 😨 HP[-8]
You take 8 damage, and now have 18/41 hp.
You slash Pargi! You block the orc's attack. You block Pargi's attack.
Pargi claws you but does no damage. x2 😨 HP[+1]
You hit Pargi but do no damage. Your headbutt misses Pargi.
The orc priest begins to cast a cantrip, but forgets the words!
Pargi bites you.
* * * LOW HITPOINT WARNING * * *
You block Pargi's attack. Pargi claws you but does no damage.
You block the orc's attack.
The orc hits you from afar with a +0 trident.
* * * LOW HITPOINT WARNING * * *
Pargi bites you.
* * * LOW HITPOINT WARNING * * *
Pargi claws you but does no damage. x2 😱 HP[-10]
You take 10 damage, and now have 9/41 hp.
MASSIVE DAMAGE!! (PAUSE)
You slash Pargi!
The orc priest invokes the aid of Beogh against you.
Beogh smites you!
You die...

Skill      XL: |  1  2  3  4 |
---------------+-------------+-----
Fighting       | 4 |  4.8
Axes           | 3 4 |  4.0
Armour         | 4 |  4.2
Shields        | |  3.6

Action                   |  1- 3 |  4- 6 || total
-------------------------+-------+-------++-------
Melee: War axe           |    74 |    11 ||    85
       Headbutt          |    12 |       ||    12
Armor: Scale mail        |    57 |    12 ||    69
Dodge: Dodged            |    38 |     5 ||    43
Block: Buckler           |    21 |     1 ||    22
       Tower shield      |       |    14 ||    14

Levels and vault maps discovered:
D:1:      minmay_arrival_checkered_box, layout_rooms
D:2:      kennysheep_the_goblin_king, layout_basic, basic_altar, serial_forest,
          infiniplex_forest_lined_2, infiniplex_forest_end_2,
          infiniplex_forest_lined_room_, infiniplex_forest_straight_1,
          infiniplex_forest_straight_5, kennysheep_path_1, grunt_decor_junction
D:3:      layout_basic, grunt_dithmenos_smoke_and_mirrors, minmay_ogre_servants,
          uniq_pargi, uniq_crazy_yiuf_cottage, uniq_grinder, uniq_robin

Notes
Turn   | Place    | Note
-------+----------+-------------------------------------------
     0 | D:1      | Sanktem7 the Minotaur Fighter began the quest for the Orb.
     0 | D:1      | Reached XP level 1. HP: 19/19 MP: 0/0
     0 | D:1      | magus.rc [v1.9.6]
    65 | D:1      | Reached XP level 2. HP: 24/27 MP: 1/1
   148 | D:1      | Reached skill level 4 in Fighting
   204 | D:1      | Reached skill level 3 in Axes
   578 | D:2      | Found a bloodstained altar of Trog.
   582 | D:2      | Reached XP level 3. HP: 33/33 MP: 2/2
   588 | D:2      | Became a worshipper of Trog the Wrathful
   603 | D:2      | You pick up a book of Displacement {forbidden} and begin
                  | reading...
   603 | D:2      | You add the spells Lesser Beckoning, Gell's Gravitas and
                  | Teleport Other to your library.
   802 | D:2      | Reached skill level 4 in Armour
  1146 | D:2      | Noticed Ijyb
  1158 | D:2      | HP: 6/34 [Ijyb/+0 club (4)]
  1162 | D:2      | Killed Ijyb
  1163 | D:2      | Reached XP level 4. HP: 13/41 MP: 3/3
  1287 | D:2      | Reached skill level 4 in Axes
  1437 | D:3      | Noticed Pargi
  1446 | D:3      | HP: 9/41 [Pargi (6)]
  1447 | D:3      | Killed from afar by an orc priest

Vanquished Creatures
  Ijyb (D:2)
  An adder (D:2)
  A worm (D:2)
  A dart slug (D:1)
  2 orcs (D:3)
  3 endoplasms
  2 giant cockroaches (D:1)
  9 goblins
  2 hobgoblins
  8 jackals (D:1)
  A quokka (D:2)
  2 ball pythons
  5 bats
  4 frilled lizards
  3 rats (D:1)
45 creatures vanquished.

Table legend:
 A = Non-vault XP
 B = Vault XP
 C = Vault XP percentage of total XP
 D = Non-vault monster count
 E = Vault monster count
 F = Vault count percentage of total count
                 A         B        C        D         E       F
            +---------+---------+-------+---------+---------+-------
      Total |      82 |      47 |  36.4 |      38 |       7 |  15.6
            +---------+---------+-------+---------+---------+-------
        D:1 |      40 |       0 |   0.0 |      23 |       0 |   0.0
        D:2 |      33 |      47 |  58.8 |      11 |       7 |  38.9
        D:3 |       9 |       0 |   0.0 |       4 |       0 |   0.0
            +---------+---------+-------+---------+---------+-------

Illustrated notes

Table legend:
 A = Kills in this place as a percentage of kills in entire the game.
 B = Kills by you in this place as a percentage of kills by you in the entire game.
 C = Kills by friends in this place as a percentage of kills by friends in the entire game.
 D = Other kills in this place as a percentage of other kills in the entire game.
 E = Experience gained in this place as a percentage of experience gained in the entire game.
 F = Experience gained in this place divided by the number of levels of this place that you have seen.
                   A       B       C       D       E      F
               +-------+-------+-------+-------+-------+----------------------
         Total | 100.0 | 100.0 |   N/A |   N/A | 100.0 |  43.0
       Dungeon | 100.0 | 100.0 |   N/A |   N/A | 100.0 |  43.0
               +-------+-------+-------+-------+-------+----------------------

Table legend: (Time is in decaauts)
 A = Elapsed time spent in this place.
 B = Non-inter-level travel time spent in this place.
 C = Inter-level travel time spent in this place.
 D = Time resting spent in this place.
 E = Time spent auto-exploring this place.
 F = Levels seen in this place.
 G = Mean time per level.
                   A        B        C        D        E       F      G
               +--------+--------+--------+--------+--------+-----+--------+
         Total |   1481 |   1402 |     79 |      0 |   1145 |   3 |  493.7 |
       Dungeon |   1481 |   1402 |     79 |      0 |   1145 |   3 |  493.7 |
               +--------+--------+--------+--------+--------+-----+--------+

Top non-repeatable levels by time:
     D:2: 804 daAuts
     D:1: 583 daAuts
     D:3: 93 daAuts
